 Dungeon Crawl Stone Soup version 0.29-a0-284-gf9362112df (webtiles) character file.

Game seed: 11941436764280117294

47 sokol815 the Skirmisher (level 3, -4/29 HPs)
             Began as a Demonspawn Monk on Mar 24, 2022.
             Slain by a gnoll
             ... wielding a +0 halberd
              (11 damage)
             ... on level 2 of the Dungeon.
             The game lasted 00:03:11 (1340 turns).

sokol815 the Skirmisher (Demonspawn Monk)           Turns: 1340, Time: 00:03:12

Health: -4/29      AC:  7    Str: 11    XL:     3   Next: 48%
Magic:  6/6        EV:  8    Int: 13    God:
Gold:   45         SH:  3    Dex: 15    Spells: 5/6 levels left

rFire   . . .      SeeInvis .   k - +0 war axe
rCold   + . .      Faith    .   f - +0 buckler
rNeg    . . .      Spirit   .   g - +0 scale mail
rPois   .          Reflect  .   (no helmet)
rElec   .          Harm     .   m - +0 cloak
rCorr   .          Rampage  .   (no gloves)
Will    .....                   (no boots)
Stlth   +.........              (no amulet)
HPRegen 0.09/turn               C - ring of protection from cold {rC+, !d}
MPRegen 0.10/turn               (no ring)

@: about to teleport
A: claws 1, foul stench 1
a: no special abilities


You were on level 2 of the Dungeon.
You visited 1 branch of the dungeon, and saw 2 of its levels.

You collected 45 gold pieces.

Inventory:

Hand Weapons
 a - a +0 hand axe
 e - a +0 dagger
   (You found it on level 1 of the Dungeon)
 k - a +0 war axe (weapon)
   (You found it on level 1 of the Dungeon)
Missiles
 s - 26 stones (quivered)
Armour
 b - a +0 robe
 f - a +0 buckler (worn)
   (You found it on level 1 of the Dungeon)
 g - a +0 scale mail (worn)
   (You found it on level 1 of the Dungeon)
 m - a +0 cloak (worn)
   (You found it on level 1 of the Dungeon)
 n - a +0 ring mail
   (You found it on level 1 of the Dungeon)
Jewellery
 C - a ring of protection from cold (left claw) {rC+, !d}
   (You found it on level 1 of the Dungeon)
Scrolls
 c - a scroll of fear {unknown}
 h - a scroll of blinking {unknown}
 l - a scroll of fog {unknown}
Potions
 d - a potion of heal wounds {unknown}
 o - a potion of resistance {unknown}


   Skills:
 - Level 3.0 Fighting
 - Level 2.6 Axes
 - Level 2.6 Dodging
 - Level 1.7 Stealth
 + Level 2.0 Spellcasting
 * Level 2.1 Conjurations


You had 5 spell levels left.
You knew the following spells:

 Your Spells              Type           Power      Damage    Failure   Level
a - Magic Dart            Conj           24%        1d4       67%         1

Your spell library contained the following spells:

 Spells                   Type           Power      Damage    Failure   Level
 Searing Ray              Conj           12%        2d4       80%         2
 Corpse Rot               Necr/Air       2%         N/A       97%         2
 Poisonous Vapours        Pois/Air       2%         N/A       97%         2
 Fulminant Prism          Conj/Hex       2%         3d6       100%        4


Dungeon Overview and Level Annotations

Branches:
Dungeon (2/15)

Altars:

Annotations:
D:2 Natasha


Innate Abilities, Weirdness & Mutations

You have sharp fingernails.
You may rarely emit foul miasma when damaged in melee.


Message History

You slash the frilled lizard!
You kill the frilled lizard!
No target in view!
No target in view!
s - 35 stones (gained 1)
A bat comes into view.
Health restored: 29 You throw a stone.
The stone hits the bat.
The bat hits you but does no damage.
You barely miss the bat. The bat barely misses you.
The bat hits you but does no damage.
You miss the bat. The bat hits you but does no damage. x2
You barely miss the bat. The bat barely misses you. x2
You hit the bat.
You kill the bat!
No target in view!
No target in view!
Found a stone staircase leading down.
You see here a bat corpse.
s - 35 stones (gained 1)
A giant cockroach is nearby!
You throw a stone.
The stone hits the giant cockroach but does no damage.
You throw a stone.
The stone closely misses the giant cockroach.
The ball python hisses angrily.
You hit the giant cockroach.
You kill the giant cockroach!
You hit the ball python. The ball python closely misses you.
The ball python barely misses you.
The ball python bites you but does no damage.
The ball python grabs you. The ball python constricts you.
You hit the ball python.
You kill the ball python!
No target in view!
No target in view!
h - a scroll labelled JICKOFERYTU An endoplasm comes into view.
You see here a stone.
You throw a stone. The endoplasm quivers.
The stone hits the endoplasm.
You throw a stone.
The stone hits the endoplasm but does no damage.
You throw a stone.
The stone hits the endoplasm but does no damage.
You throw a stone. The gnoll shouts!
The stone hits the gnoll but does no damage.
You hear a shout! x2
You throw a stone.
The stone hits the gnoll but does no damage.
You throw a stone. The stone barely misses the gnoll.
You throw a stone. The stone barely misses the gnoll.
The gnoll throws a throwing net.
You block the throwing net.
You see here a throwing net {!d}.
The gnoll shouts!
There is a stone staircase leading up here.
There is a stone staircase leading down here.
The gnoll hits you with a +0 whip.
You emit a cloud of foul miasma!
You take 5 damage, and have 24/29 hp.
You hit the gnoll.
The gnoll is engulfed in dark miasma.
The gnoll is poisoned.
The gnoll seems to slow down.
You kill the gnoll!
The gnoll barely misses you.
Your Spellcasting skill increases to level 2!
Your Conjurations skill increases to level 2!
You block the gnoll's attack.
Things that are here:
a +0 whip; a gnoll corpse Unknown command.
You hit the gnoll. The gnoll hits you with a +0 halberd!
Ouch! That really hurt!
You take 14 damage, and have 10/29 hp.
MASSIVE DAMAGE!!
You feel better. You block the gnoll's attack.
The endoplasm jiggles.
You regained 5 hp, and now have 15/29 hp.
You hit the gnoll. The gnoll barely misses you.
You closely miss the gnoll. You hit the gnoll but do no damage.
You block the gnoll's attack. The gnoll hits you with a +0 flail.
The gnoll hits you but does no damage. The gnoll hits you with a +0 flail.
* * * LOW HITPOINT WARNING * * *
You take 11 damage, and have 4/29 hp.
MASSIVE DAMAGE!!
Okay, then.
Okay, then.
Really quaff
G - a potion of ambrosia {!q}?
You are confused.
You feel invigorated. The gnoll barely misses you.
The gnoll completely misses you.
You regained 3 hp, and now have 7/29 hp.
MP restored: 6 You feel better.
You feel less invigorated. The endoplasm closely misses you.
The gnoll hits you but does no damage. The gnoll hits you with a +0 halberd!
* * * LOW HITPOINT WARNING * * *
As you read the scroll of teleportation {@r3}, it crumbles to dust.
You feel strangely unstable. The gnoll barely misses you.
The gnoll hits you with a +0 halberd!
You die...

#.....####
#$.......#
#........#
####........#
...........# ##
####.........#
...#.............#
##.#........J....#
...... ##...g@.>.#
.##....# ###.g....#
.......#####.##...#
..>..........######
........†..##
#..........# #
....#......# #....#
#.(....#
.....###......#


You could see 2 gnolls and an endoplasm.

Vanquished Creatures
  A gnoll (D:2)
  An adder (D:1)
  A worm (D:1)
  4 bats
  2 endoplasms (D:1)
  A giant cockroach (D:2)
  A goblin (D:1)
  2 hobgoblins (D:1)
  4 jackals (D:1)
  2 ball pythons
  2 frilled lizards
  3 kobolds (D:1)
  A rat (D:1)
25 creatures vanquished.

Notes
Turn   | Place    | Note
-------+----------+-------------------------------------------
     0 | D:1      | sokol815 the Demonspawn Monk began the quest for the Orb.
     0 | D:1      | Reached XP level 1. HP: 18/18 MP: 1/1
   180 | D:1      | Reached skill level 1 in Spellcasting
   273 | D:1      | Learned a level 1 spell: Magic Dart
   330 | D:1      | Gained mutation: You have sharp fingernails. [demonic
                  | ancestry]
   330 | D:1      | Reached XP level 2. HP: 24/24 MP: 4/4
   462 | D:1      | Reached skill level 1 in Conjurations
   989 | D:1      | Gained mutation: You may rarely emit foul miasma when
                  | damaged in melee. [demonic ancestry]
   989 | D:1      | Reached XP level 3. HP: 18/29 MP: 5/5
  1202 | D:2      | Noticed Natasha
  1333 | D:2      | Reached skill level 2 in Spellcasting
  1333 | D:2      | Reached skill level 2 in Conjurations
  1337 | D:2      | HP: 4/29 [gnoll/+0 flail (5)]
  1340 | D:2      | Slain by a gnoll

Illustrated notes

Levels and vault maps discovered:
D:1:      scummos_arrival_star, layout_loops_ring
D:2:      layout_rooms, basic_altar, dilly_ecumenical_altar_fadedgnrine,
          serial_shops, shop, uniq_natasha, uniq_crazy_yiuf_cottage

Skill      XL: |  1  2  3 |
---------------+----------+-----
Spellcasting   | 1 2 |  2.0
Conjurations   | 1 2 |  2.1
Fighting       | |  3.0
Axes           | |  2.6
Dodging        | |  2.6
Stealth        | |  1.7

Action                   || total
-------------------------++-------
Melee: Hand axe          ||    19
       War axe           ||    59
Throw: Stone             ||    29
  Use: Scroll            ||     4
       Potion            ||     3
 Stab: Sleeping          ||     1
Armor: Robe              ||     7
       Scale mail        ||    42
Dodge: Dodged            ||    63
Block: Buckler           ||     4

Table legend: (Time is in decaauts)
 A = Elapsed time spent in this place.
 B = Non-inter-level travel time spent in this place.
 C = Inter-level travel time spent in this place.
 D = Time resting spent in this place.
 E = Time spent auto-exploring this place.
 F = Levels seen in this place.
 G = Mean time per level.
                   A        B        C        D        E       F      G
               +--------+--------+--------+--------+--------+-----+--------+
         Total |   1370 |   1228 |    142 |    345 |    619 |   2 |  685.0 |
       Dungeon |   1370 |   1228 |    142 |    345 |    619 |   2 |  685.0 |
               +--------+--------+--------+--------+--------+-----+--------+

Top non-repeatable levels by time:
     D:1: 1281 daAuts
     D:2: 89 daAuts

Table legend:
 A = Kills in this place as a percentage of kills in entire the game.
 B = Kills by you in this place as a percentage of kills by you in the entire game.
 C = Kills by friends in this place as a percentage of kills by friends in the entire game.
 D = Other kills in this place as a percentage of other kills in the entire game.
 E = Experience gained in this place as a percentage of experience gained in the entire game.
 F = Experience gained in this place divided by the number of levels of this place that you have seen.
                   A       B       C       D       E      F
               +-------+-------+-------+-------+-------+----------------------
         Total | 100.0 | 100.0 |   N/A |   N/A | 100.0 |  34.0
       Dungeon | 100.0 | 100.0 |   N/A |   N/A | 100.0 |  34.0
               +-------+-------+-------+-------+-------+----------------------
